 Dungeon Crawl Stone Soup version 0.19.1 (webtiles) character file.

238 loralnil the Shield-Bearer (level 6, 0/48 HPs)
             Began as a Formicid Fighter on Dec 13, 2016.
             Was an Initiate of Okawaru.
             Slain by an orc warrior
             ... wielding a +0 mace
              (11 damage)
             ... in the Ecumenical Temple.
             The game lasted 00:06:38 (2273 turns).

loralnil the Shield-Bearer (Formicid Fighter)       Turns: 2273, Time: 00:06:40

Health: 0/48       AC: 10    Str: 22    XL:     6   Next: 28%
Magic:  6/6        EV: 11    Int:  8    God:    Okawaru [......]
Gold:   233        SH: 10    Dex: 10    Spells: 0 memorised, 5 levels left

rFire  . . .     SeeInvis +     e - +3 long sword (slice)
rCold  . . .     Gourm    .     q - +0 chain mail {MR+}
rNeg   . . .     Faith    .     c - +0 shield
rPois  .         Spirit   .     (helmet unavailable)
rElec  .         Reflect  .     (no cloak)
rCorr  .         Harm     .     (no gloves)
MR     +....                    b - +0 pair of boots
Stlth  ..........               x - amulet of rage
                                (no ring)
                                l - +4 ring of evasion

@: no status effects
A: permanent stasis, dig shafts and tunnels, four strong arms, antennae 3
a: Dig, Shaft Self, Renounce Religion


You were in the Ecumenical Temple.
You worshipped Okawaru.
Okawaru was noncommittal.
You were not hungry.

You visited 2 branches of the dungeon, and saw 5 of its levels.

You collected 233 gold pieces.

Inventory:

Hand Weapons
 e - a +3 long sword of slicing (weapon)
Armour
 b - a +0 pair of boots (worn)
 c - a +0 shield (worn)
 q - a +0 chain mail of magic resistance (worn)
Jewellery
 l - a +4 ring of evasion (left hand)
 x - an amulet of rage (around neck)
Scrolls
 j - a scroll of enchant weapon
 n - a scroll of immolation {unknown}
 o - a scroll of remove curse
 r - 2 scrolls of amnesia {unknown}
 t - a scroll of blinking {unknown}
 u - 2 scrolls of fear {unknown}
 y - a scroll of random uselessness {unknown}
 z - a scroll of magic mapping {unknown}
 A - 2 scrolls of teleportation {unknown}
Potions
 a - 2 potions of lignification
 d - a potion of might
 h - 2 potions of heal wounds
 i - 2 potions of curing
 k - 3 potions of flight
 m - a potion of agility
 v - a potion of mutation {unknown}
Comestibles
 f - 2 bread rations
 g - 3 fruits
 p - a meat ration
 s - a beef jerky
 w - a chunk of flesh


   Skills:
 + Level 3.8 Fighting
 + Level 3.7 Long Blades
 + Level 4.4 Armour
 + Level 1.0 Dodging
 + Level 5.2 Shields


You had 5 spell levels left.
You didn't know any spells.

Dungeon Overview and Level Annotations

Branches:
Dungeon (4/15)             Temple (1/1) D:4

Altars:
Ashenzari
Cheibriados
Dithmenos
Elyvilon
Hepliaklqana
Makhleb
Nemelex Xobeh
Okawaru
Qazlal
Sif Muna
Trog
Uskayaw
Vehumet
Xom
Zin
The Shining One


Innate Abilities, Weirdness & Mutations

You are under a permanent stasis effect.
You can dig through walls and to a lower floor.
Your four strong arms can wield two-handed weapons with a shield.
You have a pair of large antennae on your head. (SInv)


Message History

The orc warrior is severely wounded.
The orc warrior barely misses you.
Your shield prevents you from hitting the orc warrior.
The orc warrior is severely wounded.
You block the orc warrior's attack.
You hit the orc warrior but do no damage.
The orc warrior is severely wounded.
You block the orc warrior's attack.
You completely miss the orc warrior.
The orc warrior is severely wounded.
The orc warrior hits you with a mace!
* * * LOW HITPOINT WARNING * * *
You hit the orc warrior but do no damage.
The orc warrior is severely wounded.
The orc warrior hits you with a mace.
* * * LOW HITPOINT WARNING * * *
You hit the orc warrior.
The orc warrior is almost dead.
The orc warrior hits you with a mace!
You die...

♣♣♣♣♣♣♣♣♣♣♣♣♣♣♣
≈≈≈≈≈≈≈@≈≈≈≈≈≈≈
#.#.#.#o#.#.#.#
...............
#.####...####.#
#.........#
#.........#
#.........#
#8._._._.8#
#.........#


You could see an orc warrior.

Vanquished Creatures
  A howler monkey (Temple)
  A hound (D:4)
  A worker ant (D:3)
  A hound skeleton (D:4)
  7 adders
  An ooze (D:3)
  A worm (D:3)
  2 dart slugs (D:1)
  A leopard gecko (D:2)
  3 orcs
  7 hobgoblins
  3 jackals (D:2)
  A ball python (D:2)
  7 bats
  3 frilled lizards
  7 goblins
  6 kobolds
  18 rats
71 creatures vanquished.

Notes
Turn   | Place    | Note
-------+----------+-------------------------------------------
     0 | D:1      | loralnil the Formicid Fighter began the quest for the Orb.
     0 | D:1      | Reached XP level 1. HP: 18/18 MP: 1/1
   190 | D:1      | Reached XP level 2. HP: 22/24 MP: 2/2
   291 | D:1      | Reached skill level 4 in Shields
   305 | D:1      | Reached XP level 3. HP: 25/29 MP: 3/3
   813 | D:2      | Reached XP level 4. HP: 33/35 MP: 4/4
  1479 | D:3      | Reached XP level 5. HP: 42/42 MP: 5/5
  1596 | D:3      | Reached skill level 5 in Shields
  1619 | D:3      | Reached skill level 1 in Dodging
  1955 | D:4      | Reached XP level 6. HP: 48/48 MP: 6/6
  1977 | D:4      | Noticed an orc warrior
  2202 | D:4      | Found a staircase to the Ecumenical Temple.
  2214 | Temple   | Entered the Ecumenical Temple
  2235 | Temple   | Became a worshipper of Warmaster Okawaru
  2273 | Temple   | Slain by an orc warrior

Skill      XL: |  1  2  3  4  5 |
---------------+----------------+-----
Shields        | 4 5 |  5.2
Long Blades    | 3 |  3.7
Dodging        | 1 |  1.0
Armour         | 4 |  4.4
Fighting       | |  3.8

Action                   |  1- 3 |  4- 6 || total
-------------------------+-------+-------++-------
Melee: Long sword        |   133 |   123 ||   256
  Use: Scroll            |     4 |     5 ||     9
  Eat: Chunk             |       |     5 ||     5
Armor: Scale mail        |     4 |       ||     4
       Chain mail        |    89 |    42 ||   131
Dodge: Dodged            |    35 |    47 ||    82
Block: Shield            |    94 |    74 ||   168
       Rpst.: Long sword |    15 |    19 ||    34
